 Dungeon Crawl Stone Soup version 0.24.0-123-gd5b16e6ec5 (webtiles) character file.

Game seed: 2923475335205156749, levelgen mode: deterministic

257 PentaManta the Sneak (level 6, 0/47 HPs)
             Began as a Human Assassin on Jan 1, 2020.
             Slain by an orc priest
             ... wielding a +0 whip
              (4 damage)
             ... on level 4 of the Dungeon.
             The game lasted 00:06:39 (3946 turns).

PentaManta the Sneak (Human Assassin)               Turns: 3946, Time: 00:06:39

Health: 0/47       AC:  7    Str: 13    XL:     6   Next: 39%
Magic:  6/6        EV: 10    Int: 11    God:
Gold:   249        SH:  0    Dex: 15    Spells: 5/5 levels left

rFire    . . .     SeeInvis +   o - +3 short sword
rCold    . . .     Gourm    .   (no shield)
rNeg     . . .     Faith    .   s - +0 scale mail
rPois    .         Spirit   .   (no helmet)
rElec    .         Reflect  .   c - +0 cloak
rCorr    .         Harm     .   (no gloves)
MR       .....                  (no boots)
Stlth    +.........             (no amulet)
HPRegen  0.15/turn              l - ring of see invisible
MPRegen  0.10/turn              (no ring)

@: no status effects
A: no striking features
a: no special abilities


You were on level 4 of the Dungeon.
You were not hungry.

You visited 2 branches of the dungeon, and saw 5 of its levels.

You collected 249 gold pieces.

Inventory:

Hand Weapons
 a - a +2 dagger
 m - a +2 whip of electrocution
 o - a +3 short sword (weapon)
Missiles
 d - 8 poisoned darts
 e - 2 curare-tipped darts (quivered)
 r - 6 boomerangs
Armour
 c - a +0 cloak (worn)
 p - a cursed -1 buckler
 s - a +0 scale mail (worn)
Jewellery
 j - a +3 ring of strength {unknown}
 l - a ring of see invisible (left hand)
Scrolls
 b - a scroll of amnesia
 i - 2 scrolls of teleportation
 q - a scroll of noise {unknown}
 u - a scroll of identify
Potions
 g - 3 potions of curing
 h - a potion of invisibility {unknown}
 k - 2 potions of brilliance
 n - 4 potions of mutation {unknown}
 t - a potion of lignification {unknown}
 v - a potion of might {unknown}
Comestibles
 f - 5 rations
 w - a chunk of flesh


   Skills:
 + Level 3.4 Fighting
 + Level 3.5 Short Blades
 - Level 2.0 Throwing
 + Level 2.6 Armour
 + Level 3.0 Dodging
 - Level 4.0 Stealth


You had 5 spell levels left.
You didn't know any spells.
Your spell library contained the following spells:

 Spells                   Type           Power        Failure   Level  Hunger
 Animate Skeleton         Necr           N/A          85%         1    ##.....
 Pain                     Necr           #...         85%         1    ##.....
 Regeneration             Chrm/Necr      #.........   99%         3    ####...
 Vampiric Draining        Necr           #.........   99%         3    ####...
 Animate Dead             Necr           N/A          100%        4    #####..


Dungeon Overview and Level Annotations

Branches:
Dungeon (4/15)             Temple (1/1) D:4

Altars:
Dithmenos
Elyvilon
Fedhas
Kikubaaqudgha
Makhleb
Nemelex Xobeh
Okawaru
Qazlal
Sif Muna
Trog
Vehumet
Wu Jian
Xom
Zin
The Shining One


Message History

The orc priest calls down the wrath of Beogh upon you.
Pain shoots through your body!
* * * LOW HITPOINT WARNING * * *
The orc hits you with a +0 dagger.
* * * LOW HITPOINT WARNING * * *
An orc comes into view. It is wielding a +0 hand axe.
You closely miss the orc priest.
The orc priest is heavily wounded.
The orc priest looks encouraged for a moment.
The orc barely misses you.
The orc shouts!
You hit the orc priest but do no damage.
The orc priest is heavily wounded.
The orc priest hits you with a +0 whip.
* * * LOW HITPOINT WARNING * * *
The orc hits you but does no damage.
You hit the orc priest.
The orc priest is heavily wounded.
The orc priest hits you with a +0 whip.
You die...

..§§..#.# ........#
.....)..# ### ........#
#.. #.####### #o# #.#
#.# #.# #.# #.# #o# #.#
#@# #.# #o# #.# #.# #.#
#.#
#.##############.####..
#....÷..................
################.......#
#.####### ###


You could see an orc priest and 2 orcs.

Vanquished Creatures
  A water moccasin skeleton (D:4)
  2 orc wizards (D:3)
  A worker ant (D:4)
  4 adders
  An ooze (D:1)
  An adder skeleton (D:4)
  A worm (D:2)
  A dart slug (D:2)
  5 leopard geckos
  8 orcs
  4 giant cockroaches
  7 goblins
  5 hobgoblins
  9 jackals
  10 kobolds
  A ball python (D:2)
  6 bats
  3 frilled lizards
  3 rats
73 creatures vanquished.

Notes
Turn   | Place    | Note
-------+----------+-------------------------------------------
     0 | D:1      | PentaManta the Human Assassin began the quest for the Orb.
     0 | D:1      | Reached XP level 1. HP: 16/16 MP: 1/1
   182 | D:1      | Reached XP level 2. HP: 20/22 MP: 2/2
   429 | D:1      | Reached skill level 1 in Armour
   429 | D:1      | Reached XP level 3. HP: 19/27 MP: 3/3
  1095 | D:2      | Found an iron altar of Okawaru.
  1244 | D:2      | Reached XP level 4. HP: 22/34 MP: 4/4
  1536 | D:2      | HP: 1/34 [worm (8)]
  2362 | D:3      | Reached XP level 5. HP: 8/40 MP: 5/5
  3448 | D:4      | Reached XP level 6. HP: 38/47 MP: 6/6
  3742 | D:4      | Found a staircase to the Ecumenical Temple.
  3794 | Temple   | Entered the Ecumenical Temple
  3946 | D:4      | Slain by an orc priest

Levels and vault maps discovered:
D:1:      roderic_chinese_lattice_arrival, layout_rooms,
          hangedman_abyss_or_decor_lesser_grid
D:2:      layout_basic, lemuel_round_altar, minmay_misc_feat_diagonals
D:3:      layout_loops_ring
D:4:      minmay_angry_zag, layout_basic, lemuel_zombie_altar_yredelemnul,
          minmay_temple_entry_purple_smoke
Temple:   nicolae_temple_great_sept

Skill      XL: |  1  2  3  4  5  6 |
---------------+-------------------+-----
Armour         | 1 2 |  2.6
Dodging        | 2 3 |  3.0
Fighting       | 3 |  3.4
Short Blades   | 3 |  3.5
Throwing       | |  2.0
Stealth        | |  4.0

Action                   |  1- 3 |  4- 6 || total
-------------------------+-------+-------++-------
Melee: Dagger            |   114 |    98 ||   212
       Short sword       |       |    95 ||    95
Throw: Dart              |       |     6 ||     6
  Use: Scroll            |     6 |     2 ||     8
 Stab: Sleeping          |     5 |     1 ||     6
  Eat: Chunk             |       |     6 ||     6
       Ration            |       |     1 ||     1
Armor: Robe              |    26 |    10 ||    36
       Scale mail        |       |    26 ||    26
Dodge: Dodged            |    74 |    81 ||   155
